AoeStats
← Happytheandy

Oasis

509982357Analyzed
3v3 RM · 4d ago on Sep 28, 2026· 31m 41s· 6 players
Game mode
Random Map
Map size
Normal (6 player)
Population
200
Speed
Normal
Resources
Standard
Victory
Conquest
Starting age
Dark Age
Ending age
Imperial Age
RankedLock teamsTeams togetherTeam positionsShared explorationLock speedFull tech treeHidden civsTurbo modeCheats
Victory
Defeat
🇬🇧 Vikings · United Kingdom
1989
+7
🇬🇧 Khitans · United Kingdom
1983
+8
🇬🇧 Lithuanians · United Kingdom
1911
+10
🇨🇭 Britons · Switzerland
1840
-10
🇨🇭 Tatars · Switzerland
1800
-9
🇨🇭 Bengalis · Switzerland
1692
-6
PUB | Fanjita
6:11 Loom
8:25 Feudal Age
8:57 Double-Bit Axe
11:19 Domestication
17:45 Castle Age
19:07 Wheelbarrow
19:18 Bow Saw
19:10 Pastoralism
22:10 Gold Mining
23:49 Scale Barding Armor
23:54 Forging
27:52 Chain Barding Armor
28:07 Iron Casting
28:17 Stone Mining
31:21 Imperial Age
Happytheandy
6:25 Loom
9:24 Feudal Age
9:53 Double-Bit Axe
10:23 Man-at-Arms
19:13 Castle Age
17:02 Horse Collar
20:11 Bow Saw
20:30 Town Watch
22:08 Gold Mining
22:59 Sanctity
23:08 Atonement
23:22 Heavy Plow
23:38 Devotion
25:39 Redemption
31:45 Wheelbarrow
robo_boro
6:13 Loom
8:54 Feudal Age
9:08 Man-at-Arms
12:31 Double-Bit Axe
20:37 Castle Age
19:01 Fletching
19:39 Padded Archer Armor
19:59 Gold Mining
20:38 Crossbowman
21:26 Bodkin Arrow
23:00 Ballistics
[BÜN#1] Heidewolf
9:44 Feudal Age
13:20 Castle Age
11:55 Double-Bit Axe
19:13 Bow Saw
21:51 Wheelbarrow
21:03 Loom
21:34 Horse Collar
22:24 Heavy Plow
23:50 Hand Cart
24:03 Gold Mining
24:09 Stone Mining
27:20 Fletching
27:32 Padded Archer Armor
30:13 Imperial Age
27:58 Bodkin Arrow
30:16 Ballistics
30:57 Bracer
31:59 Chemistry
[BÜN] Schmirgel
6:20 Loom
9:30 Feudal Age
13:26 Double-Bit Axe
20:22 Castle Age
19:48 Fletching
21:03 Bodkin Arrow
20:29 Crossbowman
22:09 Horse Collar
23:50 Ballistics
29:20 Wheelbarrow
30:46 Heavy Plow
[BÜN] Mr. Grüezi
5:20 Loom
8:49 Feudal Age
9:33 Double-Bit Axe
11:26 Town Watch
12:22 Horse Collar
19:25 Castle Age
19:13 Gold Mining
19:14 Stone Mining
20:42 Bow Saw
21:17 Wheelbarrow
20:43 Heavy Plow
21:13 Redemption
23:30 Sanctity
23:40 Hand Cart
25:03 Atonement
27:22 Fortified Wall
27:22 Masonry
Connection lost

Rejoining the realm…

Still unreachable

The connection could not be restored.

Session expired

The server has moved on; the page needs a fresh start.